 Dungeon Crawl Stone Soup version 0.22-a0-877-g5c4e1af (webtiles) character file.

117 prawnwizard the Slasher (level 4, 0/34 HPs)
             Began as a Demonspawn Gladiator on July 29, 2018.
             Killed from afar by Blork the orc (10 damage)
             ... with a puff of frost
             ... on level 6 of the Dungeon.
             The game lasted 00:02:04 (1940 turns).

prawnwizard the Slasher (Demonspawn Gladiator)      Turns: 1940, Time: 00:02:05

Health: 0/34       AC:  8    Str: 15    XL:     4   Next: 71%
Magic:  4/4        EV: 12    Int:  9    God:
Gold:   86         SH:  0    Dex: 15    Spells: 3/3 levels left

rFire    . . .     SeeInvis .   a - +0 long sword
rCold    . . .     Gourm    .   (no shield)
rNeg     . . .     Faith    .   r - +0 ring mail
rPois    .         Spirit   .   c - +0 helmet
rElec    .         Reflect  .   (no cloak)
rCorr    .         Harm     .   (no gloves)
MR       .....                  (no boots)
Stlth    +.........             (no amulet)
HPRegen  0.11/turn              j - ring of flight
MPRegen  0.09/turn              (no ring)

@: lethally poisoned (0 -> -2)
A: talons 2, molten scales 1
a: Evoke Flight


You were on level 6 of the Dungeon.
You were not hungry.

You visited 1 branch of the dungeon, and saw 4 of its levels.

You collected 86 gold pieces.

Inventory:

Hand Weapons
 a - a +0 long sword (weapon)
Missiles
 d - 3 throwing nets (quivered)
Armour
 b - a +0 leather armour
 c - a +0 helmet (worn)
 r - a +0 ring mail (worn)
Jewellery
 j - a ring of flight (left hand)
Wands
 p - a wand of flame (25)
Scrolls
 e - a scroll of noise {unknown}
 h - 3 scrolls of remove curse {unknown}
 m - 6 scrolls of identify {unknown}
 n - 3 scrolls of teleportation {unknown}
 o - a scroll of fog {unknown}
 q - 3 scrolls of fear {unknown}
 t - 2 scrolls of amnesia {unknown}
Potions
 i - 2 potions of haste {unknown}
 k - 2 potions of resistance {unknown}
 l - a potion of mutation {unknown}
 s - 2 potions of degeneration {unknown}
 u - a potion of agility {unknown}
Comestibles
 f - 5 rations
 g - 6 chunks of flesh


   Skills:
 + Level 2.9 Fighting
 * Level 4.0 Long Blades
 - Level 1.7 Throwing
 + Level 3.3 Dodging


You had 3 spell levels left.
You didn't know any spells.
Your spell library was empty.

Dungeon Overview and Level Annotations

Branches:
Dungeon (3/15)

Altars:

Annotations:
D:6 1 runed door, Blork the orc; Ofeo's ghost, novice OpIE


Innate Abilities, Weirdness & Mutations

You have razor-sharp toenails.
You are partially covered in molten scales. (AC +2)


Message History

Ofeo's ghost shouts, "To die, to sleep, no more."
You feel sick.
You now have 86 gold pieces (gained 12).
You feel sick.
You feel sick.
Eating one of 8 chunks of flesh.
You eat one of the 8 chunks of flesh.
This raw flesh tastes terrible.
You feel sick.
You feel sick.
Blork the orc comes into view.
He is wielding a scimitar of distortion.
Blork the orc shouts!
A shadow imp comes into view.
You feel sick.
Some of the chunks of flesh in your inventory have rotted away.
A quokka comes into view.
You hit the quokka. You claw the quokka, but do no damage.
The quokka is almost dead.
Blork the orc gestures at you while chanting.
The puff of frost hits you!
You die...

...##.##..##
..##...##..# .#
.##.....##.# .#
.#⌠.%♣!.⌠#.# .#
.##..!..##.# .#
..##..W##..# .#
5..##⌠##..## .#
##..###..####r#.#
.....5o.....@...#
##.####?#####.#.#
# #.# .# ..# .#
#### .# .# .# .#


You could see Blork the orc, a shadow imp (wandering) and a quokka.

Vanquished Creatures
  A jelly (D:6)
  An adder (D:6)
  3 worms
  3 dart slugs
  10 bats
  3 giant cockroaches
  7 goblins
  14 hobgoblins
  2 jackals (D:1)
  A quokka (D:2)
  6 frilled lizards
  6 kobolds
  3 rats
60 creatures vanquished.

Notes
Turn   | Place    | Note
-------+----------+-------------------------------------------
     0 | D:1      | prawnwizard the Demonspawn Gladiator began the quest for the Orb.
     0 | D:1      | Reached XP level 1. HP: 16/16 MP: 1/1
    94 | D:1      | Reached skill level 3 in Long Blades
    96 | D:1      | Gained mutation: You are partially covered in molten scales. (AC +2) [demonic ancestry]
    96 | D:1      | Reached XP level 2. HP: 20/22 MP: 2/2
   698 | D:1      | Gained mutation: You have sharp toenails. [demonic ancestry]
   698 | D:1      | Reached XP level 3. HP: 15/28 MP: 3/3
  1720 | D:3      | Gained mutation: You have razor-sharp toenails. [demonic ancestry]
  1720 | D:3      | Reached XP level 4. HP: 23/34 MP: 4/4
  1905 | D:3      | You fall through a shaft for 3 floors!
  1905 | D:6      | Found a runed door.
  1909 | D:6      | Reached skill level 4 in Long Blades
  1920 | D:6      | Noticed Ofeo's ghost (novice OpIE)
  1934 | D:6      | Noticed Blork the orc
  1940 | D:6      | Killed from afar by Blork the orc

Vault maps used:
D:1:      lightli_arrival_maybe_door_vault, minivault_4
D:3:      grunt_temple_overflow_lords_of_destruction, lemuel_crystal_altar,
          trog_eyes_of_draining
D:6:      lemuel_insect_pit, serial_shops, shop, hellmonk_ghost_happy_afterlife,
          fedhas_altar_4, uniq_prince_ribbit1, uniq_blork_the_orc, uniq_edmund

Skill      XL: |  1  2  3  4 |
---------------+-------------+-----
Long Blades    | 3 4 |  4.0
Dodging        | 3 |  3.3
Fighting       | |  2.9
Throwing       | |  1.7

Action                   |  1- 3 |  4- 6 || total
-------------------------+-------+-------++-------
Melee: Long sword        |   116 |    24 ||   140
       Kick              |    22 |    12 ||    34
  Eat: Chunk             |     3 |     1 ||     4
Armor: Leather armour    |    32 |       ||    32
       Ring mail         |     5 |    12 ||    17
Dodge: Dodged            |   101 |    11 ||   112
       Rpst.: Long sword |    33 |     3 ||    36

Table legend:
 A = Spawn XP
 B = Non-spawn XP
 C = Spawn XP percentage of total XP
 D = Spawn monster count
 E = Non-spawn monster count
 F = Spawn count percentage of total count
 G = Total turns spent on level
                    A         B        C        D         E        F      G
               +---------+---------+-------+---------+---------+-------+---------
         Total |       0 |     168 |   0.0 |       0 |      60 |   0.0 |  1940
               +---------+---------+-------+---------+---------+-------+---------
           D:1 |       0 |      41 |   0.0 |       0 |      23 |   0.0 |   916
           D:2 |       0 |      53 |   0.0 |       0 |      26 |   0.0 |   791
           D:3 |       0 |      17 |   0.0 |       0 |       9 |   0.0 |   198
           D:6 |       0 |      57 |   0.0 |       0 |       2 |   0.0 |    35
               +---------+---------+-------+---------+---------+-------+---------
